 Dungeon Crawl Stone Soup version 0.28-a0-834-g1a73be5ee4 (webtiles) character file.

Game seed: 14891231902044291501

204 Crownlay the Digger (level 5, -3/28 HPs)
             Began as a Gargoyle Earth Elementalist on Nov 11, 2021.
             Was an Initiate of Vehumet.
             Slain by a yak (12 damage)
             ... on level 5 of the Dungeon.
             The game lasted 00:05:12 (3426 turns).

Crownlay the Digger (Gargoyle Earth Elementalist)   Turns: 3426, Time: 00:05:12

Health: -3/28      AC:  6    Str: 12    XL:     5   Next: 82%
Magic:  3/11       EV: 11    Int: 16    God:    Vehumet [......]
Gold:   214        SH:  0    Dex: 10    Spells: 12/13 levels left

rFire   . . .      SeeInvis .   a - +0 mace
rCold   . . .      Faith    .   (no shield)
rNeg    + . .      Spirit   .   b - +0 robe
rPois   ∞          Reflect  .   (no helmet)
rElec   +          Harm     .   (no cloak)
rCorr   .          Rampage  .   (no gloves)
Will    .....                   (no boots)
Stlth   ++........              (no amulet)
HPRegen 0.09/turn               (no ring)
MPRegen 0.12/turn               (no ring)

@: no status effects
A: sickness immunity, AC +4, negative energy resistance 1, electricity
resistance, torment resistance 1, petrification resistance
a: Renounce Religion


You were on level 5 of the Dungeon.
You worshipped Vehumet.
Vehumet was noncommittal.
You visited 2 branches of the dungeon, and saw 6 of its levels.

You collected 214 gold pieces.

Inventory:

Hand Weapons
 a - a +0 mace (weapon)
Missiles
 c - 53 stones
Armour
 b - a +0 robe (worn)
 m - a +0 tower shield
Wands
 i - a wand of flame (20)
Scrolls
 d - 2 scrolls of identify {unknown}
 e - 3 scrolls of fear
 f - 2 scrolls of magic mapping {unknown}
 g - a scroll of noise {unknown}
 n - a scroll of teleportation {unknown}
 o - a scroll of enchant armour {unknown}
Potions
 h - a potion of heal wounds {unknown}
 j - a potion of attraction {unknown}
 k - a potion of brilliance {unknown}
 l - a potion of degeneration {unknown}


   Skills:
 - Level 1.5 Dodging
 - Level 2.1 Stealth
 * Level 4.5 Spellcasting
 - Level 0.7 Transmutations
 + Level 5.2 Earth Magic


You had 12 spell levels left.
You knew the following spells:

 Your Spells              Type           Power      Damage    Failure   Level
a - Sandblast             Erth           40%        2d10      1%          1

Your spell library contained the following spells:

 Spells                   Type           Power      Damage    Failure   Level
 Passwall                 Tmut/Erth      10%        N/A       7%          2
 Stone Arrow              Conj/Erth      24%        3d8       16%         3
 Petrify                  Tmut/Erth      13%        N/A       43%         4


Dungeon Overview and Level Annotations

Branches:
Dungeon (5/15)             Temple (1/1) D:4

Altars:
Dithmenos
Elyvilon
Fedhas
Gozag
Hepliaklqana
Kikubaaqudgha
Makhleb
Nemelex Xobeh
Okawaru
Qazlal
Ru
Sif Muna
Trog
Uskayaw
Vehumet
Wu Jian
Xom
Yredelemnul
Zin

Annotations:
D:4 1 runed translucent door, TheNamelessOne's ghost, amateur FoFi
D:5 Ijyb


Innate Abilities, Weirdness & Mutations

You are immune to sickness and miasma.
Your stone body is resilient. (AC +4)
You are immune to poison.
You resist negative energy. (rN+)
You are resistant to electric shocks. (rElec)
You are resistant to unholy torment.
You are immune to petrification.


Message History

Press: ? - help, Shift-Dir - straight line, f/p - Ijyb
Aim: Ijyb, wielding a +0 club, wearing a +2 leather armour of positive energy and carrying a wand of flame (18) (heavily wounded, 76% to hit)
Okay, then.
The yak gores you.
There is a stone staircase leading down here.
Found a stone staircase leading down.
Casting: Sandblast (safe; 1% risk of failure)
Confirm with . or Enter, or press ? or * to list all spells.
Aiming: Sandblast (safe; 1% risk of failure)
Press: ? - help, Shift-Dir - straight line, f - yak
Aim: a yak (88% to hit)
The blast of sand hits the yak.
The yak is lightly wounded.
The yak closely misses you.
Casting: Sandblast (safe; 1% risk of failure)
Confirm with . or Enter, or press ? or * to list all spells.
Aiming: Sandblast (safe; 1% risk of failure)
Press: ? - help, Shift-Dir - straight line, f/p - yak
Aim: a yak (lightly wounded, 88% to hit)
The blast of sand hits the yak.
The yak is lightly wounded.
Ijyb screams, "It's all mine!"
The yak gores you but does no damage.
Casting: Sandblast (safe; 1% risk of failure)
Confirm with . or Enter, or press ? or * to list all spells.
Aiming: Sandblast (safe; 1% risk of failure)
Press: ? - help, Shift-Dir - straight line, f/p - yak
Aim: a yak (lightly wounded, 88% to hit)
The blast of sand hits the yak.
The yak is moderately wounded.
The yak closely misses you.
Casting: Sandblast (safe; 1% risk of failure)
Confirm with . or Enter, or press ? or * to list all spells.
Aiming: Sandblast (safe; 1% risk of failure)
Press: ? - help, Shift-Dir - straight line, f/p - yak
Aim: a yak (moderately wounded, 88% to hit)
The blast of sand hits the yak but does no damage.
The yak is moderately wounded.
The yak gores you!
You die...

############
########......<....
................(..
#########.##########
).........# #
########..#
#>..########..#
#......@YYg#..#
#...######l#..# #
#.g..# #.l..#
...#|...# .........#
###...#.>...Y...
#.#.#.....#.#.
#.#.#.......


You could see 2 yaks, Ijyb and an iguana.

Vanquished Creatures
  An orc wizard (D:3)
  A hound skeleton (D:4)
  3 gnolls (D:2)
  7 adders
  2 worms (D:3)
  2 dart slugs
  2 orcs
  9 endoplasms
  2 giant cockroaches
  8 goblins
  6 hobgoblins
  5 kobolds
  3 quokkas
  4 ball pythons
  4 bats
  A frilled lizard (D:1)
  3 rats
63 creatures vanquished.

Notes
Turn   | Place    | Note
-------+----------+-------------------------------------------
     0 | D:1      | Crownlay the Gargoyle Earth Elementalist began the quest
                  | for the Orb.
     0 | D:1      | Reached XP level 1. HP: 10/10 MP: 3/3
   330 | D:1      | Reached XP level 2. HP: 13/15 MP: 1/5
   572 | D:1      | Reached skill level 4 in Earth Magic
  1009 | D:2      | Reached XP level 3. HP: 19/19 MP: 4/7
  1442 | D:2      | Reached XP level 4. HP: 24/24 MP: 6/9
  1501 | D:2      | Found a faded altar of an unknown god.
  2605 | D:4      | Reached XP level 5. HP: 28/28 MP: 6/10
  2624 | D:3      | HP: 1/28 [something (2)]
  2632 | D:3      | Reached skill level 5 in Earth Magic
  3190 | D:4      | Found a staircase to the Ecumenical Temple.
  3204 | Temple   | Entered the Ecumenical Temple
  3266 | Temple   | Became a worshipper of Vehumet
  3290 | D:4      | Found a runed translucent door.
  3300 | D:4      | Noticed TheNamelessOne's ghost (amateur FoFi)
  3373 | D:5      | Entered Level 5 of the Dungeon
  3405 | D:5      | Noticed Ijyb
  3408 | D:5      | Noticed a yak
  3408 | D:5      | Noticed a yak
  3413 | D:5      | Noticed a yak
  3426 | D:5      | Slain by a yak

Illustrated notes

Levels and vault maps discovered:
D:1:      eino_arrival_cavern_c, layout_basic, minmay_misc_feat_tiny
D:2:      layout_rooms, ebering_ecumenical_altar_hall
D:3:      layout_loops_ring
D:4:      layout_gridville, minmay_temple_entry_waves, gammafunk_ghost_grave
D:5:      kennysheep_six_static_rooms, layout_basic, nicolae_zen_rock_garden,
          minmay_misc_feat_roman, uniq_menkaure, uniq_ijyb
Temple:   regret_index_temple_sigil_plot

Skill      XL: |  1  2  3  4  5 |
---------------+----------------+-----
Earth Magic    | 4 5 |  5.2
Spellcasting   | 3 4 |  4.5
Dodging        | |  1.5
Stealth        | |  2.1
Transmutations | |  0.7

Action                   |  1- 3 |  4- 6 || total
-------------------------+-------+-------++-------
Melee: Unarmed           |    23 |       ||    23
       Mace              |    27 |    11 ||    38
 Cast: Sandblast         |    29 |    65 ||    94
  Use: Scroll            |       |     1 ||     1
 Stab: Sleeping          |     1 |       ||     1
Armor: Robe              |    26 |    17 ||    43
Dodge: Dodged            |    51 |    35 ||    86

Table legend: (Time is in decaauts)
 A = Elapsed time spent in this place.
 B = Non-inter-level travel time spent in this place.
 C = Inter-level travel time spent in this place.
 D = Time resting spent in this place.
 E = Time spent auto-exploring this place.
 F = Levels seen in this place.
 G = Mean time per level.
                   A        B        C        D        E       F      G
               +--------+--------+--------+--------+--------+-----+--------+
         Total |   3441 |   3353 |     88 |      0 |   2889 |   6 |  573.5 |
       Dungeon |   3363 |   3290 |     73 |      0 |   2847 |   5 |  672.6 |
        Temple |     77 |     62 |     15 |      0 |     42 |   1 |   77.0 |
               +--------+--------+--------+--------+--------+-----+--------+

Top non-repeatable levels by time:
     D:3: 1164 daAuts
     D:1: 1006 daAuts
     D:2: 778 daAuts
     D:4: 360 daAuts
  Temple: 77 daAuts
     D:5: 52 daAuts
